 Dungeon Crawl Stone Soup version 0.31.0-32-g396128a36d (webtiles) character file.

Game seed: 12719955279058068313

164 jagang the Cudgeller (level 5, -1/41 HPs)
             Began as a Human Monk on Mar 15, 2024.
             Slain by an iguana (3 damage)
             ... on level 4 of the Dungeon.
             The game lasted 00:04:55 (2269 turns).

jagang the Cudgeller (Human Monk)                   Turns: 2269, Time: 00:04:56

Health: -1/41      AC:  8    Str: 11    XL:     5   Next: 45%
Magic:  5/5        EV:  6    Int: 11    God:
Gold:   70         SH:  0    Dex: 17    Spells: 4/4 levels left

rFire   . . .        i - +0 eveningstar
rCold   . . .        d - orb {light}
rNeg    . . .        j - +0 chain mail
rPois   .            (no helmet)
rElec   .            (no cloak)
rCorr   .            (no gloves)
SInv    .            (no boots)
Will    .....        (no amulet) Stlth
                     (no ring)
HPRegen 0.26/turn    (no ring)
MPRegen 0.09/turn

%: no passive effects
@: glowing
A: explore regen
a: no special abilities


You were on level 4 of the Dungeon.
You visited 1 branch of the dungeon, and saw 4 of its levels.

You collected 298 gold pieces.
You spent 228 gold pieces at shops.

Inventory:

Hand Weapons
 i - a +0 eveningstar (weapon)
Missiles
 h - 15 poisoned darts (quivered)
Armour
 d - an orb of light (worn)
 j - a +0 chain mail (worn)
Scrolls
 c - 2 scrolls of enchant armour
 e - 2 scrolls of vulnerability
 g - a scroll of amnesia
 k - a scroll of teleportation
 l - a scroll of poison {unknown}
 m - a scroll of blinking
Potions
 a - a potion of might {unknown}
 f - 2 potions of resistance {unknown}


   Skills:
 * Level 3.0 Fighting
 - Level 3.9 Long Blades
 - Level 4.2 Maces & Flails
 - Level 3.0 Dodging


You had 4 spell levels left.
You didn't know any spells.
Your spell library contained the following spells:

 Spells                   Type           Power      Damage    Failure   Level
 Apportation              Tloc           0%         N/A       100%        1


Dungeon Overview and Level Annotations

Branches:
Dungeon (4/15)
 Temple: D:4-7

Altars:
Qazlal
Sif Muna
Wu Jian

Shops:
D:1 :=   D:3 [?:(


Innate Abilities, Weirdness & Mutations

You regain HP and MP as you explore.


Message History

You puncture the hobgoblin!
You kill the hobgoblin!
A ball python comes into view.
A kobold comes into view. It is wielding a +0 club.
A ball python comes into view.
The kobold shouts!
The iguana barely misses you.
You hit the iguana but do no damage. The iguana bites you.
The iguana completely misses you.
A gnoll comes into view. It is wielding a +0 club.
The gnoll shouts!
You hit the iguana but do no damage.
The ball python bites you but does no damage.
The ball python grabs you. The ball python constricts you.
The ball python bites you but does no damage.
The ball python constricts you. The iguana bites you.
You hit the ball python.
You kill the ball python!
The kobold throws a stone.
The stone hits you but does no damage. The iguana bites you.
A gnoll comes into view. It is wielding a +0 halberd.
The gnoll shouts!
You barely miss the iguana. The iguana bites you! The gnoll closely misses you.
You are too injured to fight recklessly!
You are too injured to fight recklessly!
Unknown command.
You see here a ball python corpse.
The kobold throws a stone.
The stone hits you but does no damage. The gnoll attacks as it pursues you!
The gnoll hits you but does no damage.
A hobgoblin comes into view.
The hobgoblin shouts!
You puncture the iguana!
The iguana is severely wounded.
The iguana bites you! The gnoll hits you but does no damage.
The iguana bites you!
* * * LOW HITPOINT WARNING * * *
You hit the iguana.
The iguana is severely wounded.
The gnoll hits you but does no damage. The iguana bites you.
You die...

...#g #..# #
.#.#. $.. ..
...gB #.##.###
#.##.#.##.......
......†.BS#
##.###.##g#
......Kg#
##.####l#
.###.####@#
....g.....######
##.#...........
#....######### #
###..# ##.##.#
#..^.#####...#.##
#.##............#
#. #######...#.##
. ##..#######.


You could see an iguana, 2 gnolls, a giant cockroach, a hobgoblin, a ball python
and a kobold.

Vanquished Creatures
  A scorpion (D:3)
  5 adders
  A dart slug (D:3)
  An orc (D:3)
  4 ball pythons
  2 bats
  7 endoplasms
  6 giant cockroaches
  5 goblins
  5 hobgoblins
  4 jackals (D:1)
  6 kobolds
  A quokka (D:1)
  A frilled lizard (D:2)
  4 rats
53 creatures vanquished.

Notes
Turn   | Place    | Note
-------+----------+-------------------------------------------
     0 | D:1      | jagang the Human Monk began the quest for the Orb.
     0 | D:1      | Reached XP level 1. HP: 18/18 MP: 1/1
    95 | D:1      | Found Tysty's Jewellery Boutique.
    97 | D:1      | Found Epiblox's Vocational Training.
   114 | D:1      | Reached XP level 2. HP: 24/24 MP: 2/2
   741 | D:2      | Reached XP level 3. HP: 29/29 MP: 3/3
   752 | D:2      | Reached skill level 1 in Maces & Flails
  1005 | D:2      | Reached skill level 2 in Maces & Flails
  1009 | D:2      | Reached XP level 4. HP: 35/35 MP: 4/4
  1018 | D:2      | Found a faded altar of an unknown god.
  1033 | D:2      | Got Plato's Thoughts on Correspondence
  1488 | D:3      | Found Xetz's Antique Armour Shoppe.
  1569 | D:3      | Found a stormy altar of Qazlal.
  1647 | D:3      | Found an ornate altar of the Wu Jian Council.
  1731 | D:3      | Noticed a scorpion
  1741 | D:3      | Killed a scorpion
  1742 | D:3      | Reached skill level 3 in Maces & Flails
  1742 | D:3      | Reached XP level 5. HP: 17/41 MP: 5/5
  1875 | D:3      | Found a shimmering blue altar of Sif Muna.
  1925 | D:3      | Reached skill level 4 in Maces & Flails
  1967 | D:3      | Found Qiocing's Book Emporium.
  1972 | D:3      | Found Fuweipat's Weapon Shoppe.
  1995 | D:3      | Found Tiegonleore's Magic Scroll Boutique.
  2021 | D:3      | Bought a scroll of identify for 24 gold pieces
  2021 | D:3      | Bought a scroll of identify for 24 gold pieces
  2021 | D:3      | Bought a scroll of enchant armour for 90 gold pieces
  2021 | D:3      | Bought a scroll of blinking for 90 gold pieces
  2268 | D:4      | HP: 2/41 [iguana (12)]
  2269 | D:4      | Slain by an iguana

Illustrated notes

Levels and vault maps discovered:
D:1:      dpeg_arrival_more_subterranean_lakeside_camping, layout_loops_ring,
          serial_shops, shop, nicolae_shop_vocational
D:2:      layout_basic, shapermc_ecumenical_altar_rom_forum,
          grunt_ministairs_12, grunt_decor_junction
D:3:      layout_rooms, marbit_many_paths, amcnicky_altar_gilded,
          mainiacjoe_overflow_concentric_impassable, serial_shops,
          nicolae_shop_bloodbath_and_beyond, nicolae_shop_tiny_glass, shop,
          nicolae_shop_tiny_glass
D:4:      layout_loops_ring, mainiacjoe_overflow_catwalk,
          gammafunk_temple_overflow_statue, minmay_diced_spiral

Skill      XL: |  1  2  3  4  5 |
---------------+----------------+-----
Maces & Flails | 2 3 4 |  4.2
Fighting       | |  3.0
Long Blades    | |  3.9
Dodging        | |  3.0

Action                     |  1- 3 |  4- 6 || total
---------------------------+-------+-------++-------
  Melee: Falchion          |    29 |       ||    29
         Eveningstar       |    29 |    54 ||    83
    Use: Potion            |       |     1 ||     1
         Scroll            |       |     3 ||     3
 Armour: Robe              |     3 |       ||     3
         Scale mail        |    10 |       ||    10
         Chain mail        |    24 |    62 ||    86
  Dodge: Dodged            |    23 |    14 ||    37
